 Dungeon Crawl Stone Soup version 0.23.2-33-g5129a83184 (webtiles) character file.

Game seed: 8548531762387366847

109 Feetnoise the Skirmisher (level 4, 0/41 HPs)
             Began as a Hill Orc Fighter on July 10, 2019.
             Slain by an orc
             ... wielding a +0 club
              (3 damage)
             ... on level 3 of the Dungeon.
             The game lasted 00:15:48 (1970 turns).

Feetnoise the Skirmisher (Hill Orc Fighter)         Turns: 1970, Time: 00:15:48

Health: 0/41       AC: 10    Str: 19    XL:     4   Next: 90%
Magic:  4/4        EV:  5    Int:  8    God:
Gold:   117        SH:  9    Dex: 10    Spells: 3/3 levels left

rFire    . . .     SeeInvis .   n - +0 spear (freeze)
rCold    . . .     Gourm    .   c - +0 shield
rNeg     . . .     Faith    .   q - +0 chain mail
rPois    .         Spirit   .   b - +0 helmet
rElec    .         Reflect  .   (no cloak)
rCorr    .         Harm     +   (no gloves)
MR       .....                  (no boots)
Stlth    ..........             r - amulet of harm
HPRegen  0.13/turn              p - ring of wizardry
MPRegen  0.09/turn              (no ring)

@: no status effects
A: no striking features
a: no special abilities


You were on level 3 of the Dungeon.
You were not hungry.

You visited 1 branch of the dungeon, and saw 3 of its levels.

You collected 117 gold pieces.

Inventory:

Hand Weapons
 n - a +0 spear of freezing (weapon)
Armour
 b - a +0 helmet (worn)
 c - a +0 shield (worn)
 g - a +0 scale mail
 q - a +0 chain mail (worn)
Jewellery
 p - a ring of wizardry (left hand)
 r - an amulet of harm (around neck)
Scrolls
 e - a scroll of fear {unknown}
 h - 2 scrolls of remove curse
 j - 2 scrolls of fog {unknown}
 l - a scroll of immolation {unknown}
 m - a scroll of magic mapping {unknown}
 o - a scroll of random uselessness {unknown}
Potions
 a - a potion of heal wounds {unknown}
 d - 2 potions of might
 i - 3 potions of curing
Comestibles
 f - 4 rations
 k - 4 chunks of flesh


   Skills:
 + Level 4.3 Fighting
   Level 2.7 Short Blades
 + Level 1.4 Polearms
 + Level 4.0 Armour
 + Level 1.0 Dodging
 + Level 3.7 Shields


You had 3 spell levels left.
You didn't know any spells.
Your spell library was empty.

Dungeon Overview and Level Annotations

Branches:
Dungeon (3/15)

Altars:


Message History

* * * LOW HITPOINT WARNING * * *
You block the orc's attack.
Your shield prevents you from hitting the orc.
You block the orc's attack. You block the frilled lizard's attack.
You hit the orc but do no damage. You block the orc's attack. x2
You block the frilled lizard's attack.
You hit the orc but do no damage. You block the orc's attack.
The orc barely misses you. The frilled lizard closely misses you.
Your shield and chain mail prevent you from hitting the orc.
The orc hits you but does no damage. The orc hits you with a +0 flail.
* * * LOW HITPOINT WARNING * * *
The frilled lizard bites you but does no damage.
You hit the orc. You freeze the orc.
The orc is moderately wounded.
You block the orc's attack. You block the frilled lizard's attack.
The orc hits you but does no damage.
You hit the orc. You freeze the orc.
The orc is heavily wounded.
You block the frilled lizard's attack. The orc hits you with a +0 club.
You die...

...###### #.#
....>..# ..#
)..###.# ####.#
## #.## #.#
#.##.# #.# #.#
#.# #.##.####.#
#.##
#.###.....[...#
#..#
#...........#.#
##.#
#####)#####o#.#
#.# #.# ##@#)#
##.#######.#
#.ol.#
...........#
#..#.#
##.#.#####.#
#..#.# #.#.#
#.# #..#.#
#.#.#
#.####..#.#
.....
.........#.#
.....
........)..#
####.##
.#.####.####


You could see 2 orcs and a frilled lizard.

Vanquished Creatures
  An orc priest (D:3)
  2 adders (D:2)
  A gnoll (D:1)
  2 dart slugs (D:1)
  A giant cockroach (D:1)
  2 goblins (D:2)
  9 hobgoblins
  8 jackals
  2 quokkas (D:2)
  6 bats
  5 frilled lizards
  5 kobolds
  5 rats
49 creatures vanquished.

Notes
Turn   | Place    | Note
-------+----------+-------------------------------------------
     0 | D:1      | Feetnoise the Hill Orc Fighter began the quest for the Orb.
     0 | D:1      | Reached XP level 1. HP: 19/19 MP: 1/1
    64 | D:1      | Reached XP level 2. HP: 24/27 MP: 2/2
   373 | D:1      | Reached XP level 3. HP: 14/33 MP: 3/3
  1295 | D:2      | Reached XP level 4. HP: 36/40 MP: 4/4
  1748 | D:2      | Found a faded altar of an unknown god.
  1958 | D:3      | Reached skill level 1 in Polearms
  1958 | D:3      | Reached skill level 1 in Dodging
  1970 | D:3      | Slain by an orc

Skill      XL: |  1  2  3  4 |
---------------+-------------+-----
Fighting       | 4 |  4.3
Polearms       | 1 |  1.4
Armour         | 4 |  4.0
Dodging        | 1 |  1.0
Short Blades   | |  2.7
Shields        | |  3.7

Action                   |  1- 3 |  4- 6 || total
-------------------------+-------+-------++-------
Melee: Rapier            |    80 |       ||    80
       Spear             |    52 |    66 ||   118
  Use: Scroll            |     2 |     1 ||     3
  Eat: Ration            |     1 |       ||     1
Armor: Scale mail        |    72 |     2 ||    74
       Chain mail        |       |    27 ||    27
Dodge: Dodged            |    63 |    20 ||    83
Block: Shield            |    85 |    38 ||   123
